General information
- name: BNet
- type: Ladder team game (AT/RT)
- host: Battle.net
- saver: RODS-lil-bro
map: Mur'gulOasis
- players: 8
- length: 45:38
- speed: Fast
- version: 1.26 W3XP
- replay type: Public
» download(260 KB)
Players
team 1 (winner)
Mid9Prince (
pink | 110 APM | 2989 actions | 27:12)
4 Death Knight
2 Death Coil
1 Unholy Aura
1 Death Pact
2 Lich
1 Frost Nova
1 Frost Armor
2 Crypt Lord
1 Impale
1 Carrion Beetles
» actions
| Assign group hotkey | 57 | |
| Basic commands | 8 | |
| Build / train | 47 | |
| ESC pressed | 5 | |
| Enter build submenu | 17 | |
| Enter hero's abilities submenu | 8 | |
| Give item / drop item | 2 | |
| Right click | 1432 | |
| Select / deselect | 383 | |
| Select group hotkey | 924 | |
| Use ability | 106 | |
2989 total
» units
| Acolyte | 3 | |
| Ghoul | 4 | |
| Crypt Fiend | 10 | |
17 total
» upgrades
» buildings
| Graveyard | 1 | |
| Crypt | 1 | |
| Altar of Darkness | 1 | |
| Ziggurat | 5 | |
| Tomb of Relics | 1 | |
| Nerubian Tower | 2 | |
| Halls of the Dead | 1 | |
| Black Citadel | 1 | |
| Spirit Tower | 2 | |
| Sacrificial Pit | 1 | |
| Necropolis | 1 | |
17 total
» build order
00:12 Graveyard
00:17 Crypt
00:44 Altar of Darkness
00:58 Ziggurat
01:25 Tomb of Relics
01:55 Nerubian Tower
01:55 Nerubian Tower
02:15 Ziggurat
03:44 Ziggurat
04:21 Halls of the Dead
04:52 Ziggurat
05:14 Ziggurat
06:53 Black Citadel
08:07 Spirit Tower
08:20 Spirit Tower
09:26 Sacrificial Pit
12:31 Necropolis
» items
| Rod of Necromancy | 3 | |
| Dust of Appearance | 2 | |
| Potion of Healing | 2 | |
| Scroll of Town Portal | 2 | |
| Staff of Preservation | 1 | |
10 total

»
Hilflos (
yellow | 34 APM | 1550 actions | 45:38)
5 Crypt Lord
1 Carrion Beetles
3 Spiked Carapace
1 Impale
4 Death Knight
2 Death Coil
2 Unholy Aura
» actions
| Basic commands | 23 | |
| Build / train | 41 | |
| Enter build submenu | 23 | |
| Enter hero's abilities submenu | 9 | |
| Give item / drop item | 5 | |
| Right click | 944 | |
| Select / deselect | 443 | |
| Use ability | 61 | |
1550 total
» units
| Acolyte | 2 | |
| Ghoul | 3 | |
| Crypt Fiend | 12 | |
| Frost Wyrm | 1 | |
18 total
» upgrades
| Web | 1 | |
| Burrow | 1 | |
| Creature Attack | 1 | |
| Creature Carapace | 1 | |
| Freezing Breath | 1 | |
5 total
» buildings
| Ziggurat | 8 | |
| Altar of Darkness | 1 | |
| Graveyard | 1 | |
| Crypt | 2 | |
| Halls of the Dead | 1 | |
| Black Citadel | 1 | |
| Sacrificial Pit | 1 | |
| Boneyard | 2 | |
| Tomb of Relics | 1 | |
| Spirit Tower | 2 | |
20 total
» build order
00:09 Ziggurat
00:14 Altar of Darkness
00:38 Graveyard
01:00 Crypt
01:15 Ziggurat
01:32 Ziggurat
02:27 Crypt
04:39 Halls of the Dead
05:20 Ziggurat
05:39 Ziggurat
06:15 Ziggurat
07:38 Black Citadel
07:41 Sacrificial Pit
10:18 Boneyard
10:34 Tomb of Relics
10:55 Boneyard
11:37 Spirit Tower
13:02 Spirit Tower
17:23 Ziggurat
17:30 Ziggurat
» items
| Scroll of Town Portal | 2 | |
| Orb of Fire | 1 | |
3 total
HeroAbuseAndUse (
blue | 83 APM | 3767 actions | 45:38)
9 Blood Mage
3 Flame Strike
3 Siphon Mana
1 Summon Phoenix
2 Banish
» actions
| Assign group hotkey | 58 | |
| Basic commands | 244 | |
| Build / train | 296 | |
| ESC pressed | 7 | |
| Enter build submenu | 95 | |
| Enter hero's abilities submenu | 9 | |
| Give item / drop item | 24 | |
| Right click | 1228 | |
| Select / deselect | 568 | |
| Select group hotkey | 905 | |
| Use ability | 332 | |
3767 total
» units
| Peasant | 27 | |
| Footman | 8 | |
| Sorceress | 2 | |
| Gryphon Rider | 13 | |
50 total
» upgrades
| Masonry | 3 | |
| Lumber Harvesting | 2 | |
| Sorceress Training | 2 | |
| Magic Sentry | 1 | |
| Storm Hammers | 1 | |
| Cloud | 1 | |
| Swords | 3 | |
| Animal War Training | 1 | |
| Armor | 3 | |
| Plating | 3 | |
| Gunpowder | 3 | |
| Backpack | 1 | |
| Long Rifles | 1 | |
| Defend | 1 | |
| Priest Training | 2 | |
| Control Magic | 1 | |
| Flak Cannons | 1 | |
| Flying Machine Bombs | 1 | |
| Fragmentation Shards | 1 | |
| Flare | 1 | |
| Barrage | 1 | |
34 total
» buildings
| Barracks | 1 | |
| Altar of Kings | 2 | |
| Farm | 11 | |
| Arcane Vault | 1 | |
| Keep | 2 | |
| Scout Tower | 51 | |
| Lumber Mill | 1 | |
| Arcane Tower | 12 | |
| Arcane Sanctum | 2 | |
| Castle | 4 | |
| Guard Tower | 106 | |
| Town Hall | 2 | |
| Gryphon Aviary | 7 | |
| Blacksmith | 1 | |
| Workshop | 5 | |
| Cannon Tower | 3 | |
211 total
» build order
00:14 Barracks
00:17 Altar of Kings
00:20 Farm
01:04 Farm
01:35 Farm
02:08 Arcane Vault
02:23 Farm
02:25 Farm
03:17 Keep
03:17 Keep
03:47 Scout Tower
03:50 Lumber Mill
04:15 Arcane Tower
04:15 Arcane Tower
04:16 Arcane Tower
05:53 Arcane Sanctum
06:42 Arcane Sanctum
07:30 Castle
07:30 Castle
07:30 Castle
08:00 Scout Tower
08:00 Scout Tower
08:00 Scout Tower
08:01 Scout Tower
08:01 Scout Tower
08:32 Guard Tower
08:32 Guard Tower
08:32 Guard Tower
08:32 Guard Tower
08:36 Town Hall
08:38 Scout Tower
08:39 Scout Tower
08:41 Scout Tower
08:43 Scout Tower
10:11 Guard Tower
10:12 Guard Tower
10:12 Guard Tower
10:12 Guard Tower
10:19 Guard Tower
10:19 Guard Tower
10:25 Guard Tower
10:25 Guard Tower
10:25 Guard Tower
10:41 Guard Tower
11:04 Guard Tower
11:04 Guard Tower
11:04 Guard Tower
11:12 Scout Tower
11:13 Scout Tower
11:15 Scout Tower
11:19 Scout Tower
11:22 Scout Tower
11:27 Scout Tower
11:48 Arcane Tower
11:48 Arcane Tower
11:49 Guard Tower
11:49 Guard Tower
11:49 Guard Tower
11:49 Guard Tower
11:50 Guard Tower
11:51 Guard Tower
12:42 Guard Tower
12:42 Guard Tower
12:42 Guard Tower
12:48 Scout Tower
12:48 Scout Tower
12:50 Scout Tower
12:51 Scout Tower
12:53 Scout Tower
12:56 Scout Tower
12:58 Scout Tower
13:31 Guard Tower
13:31 Guard Tower
14:12 Gryphon Aviary
14:15 Gryphon Aviary
14:33 Gryphon Aviary
14:34 Gryphon Aviary
14:40 Blacksmith
16:28 Farm
16:28 Farm
16:29 Farm
16:30 Farm
16:32 Farm
16:50 Scout Tower
16:51 Scout Tower
16:53 Scout Tower
18:20 Guard Tower
18:30 Scout Tower
18:31 Scout Tower
18:33 Scout Tower
21:39 Guard Tower
21:40 Guard Tower
22:10 Farm
24:01 Gryphon Aviary
24:03 Gryphon Aviary
24:05 Gryphon Aviary
24:11 Scout Tower
24:13 Scout Tower
24:15 Scout Tower
24:39 Scout Tower
24:41 Guard Tower
24:42 Guard Tower
24:42 Guard Tower
24:42 Guard Tower
24:42 Guard Tower
24:43 Guard Tower
24:43 Guard Tower
24:43 Guard Tower
24:43 Guard Tower
25:02 Town Hall
25:06 Scout Tower
25:08 Scout Tower
25:10 Scout Tower
25:11 Scout Tower
25:26 Guard Tower
25:26 Guard Tower
25:26 Guard Tower
25:27 Guard Tower
25:30 Scout Tower
25:32 Scout Tower
25:34 Scout Tower
25:36 Scout Tower
25:37 Guard Tower
25:37 Guard Tower
25:37 Guard Tower
25:38 Guard Tower
25:38 Guard Tower
25:40 Guard Tower
25:40 Guard Tower
25:42 Guard Tower
25:42 Guard Tower
25:43 Guard Tower
25:43 Guard Tower
26:03 Guard Tower
26:04 Guard Tower
26:08 Guard Tower
26:08 Guard Tower
26:09 Guard Tower
26:09 Guard Tower
26:11 Guard Tower
26:11 Guard Tower
26:12 Guard Tower
26:19 Guard Tower
26:19 Guard Tower
26:46 Scout Tower
26:48 Scout Tower
26:58 Scout Tower
27:01 Scout Tower
27:03 Scout Tower
27:04 Scout Tower
27:33 Guard Tower
27:33 Guard Tower
27:33 Guard Tower
27:33 Guard Tower
28:12 Guard Tower
28:12 Guard Tower
28:13 Guard Tower
28:13 Guard Tower
28:43 Scout Tower
28:44 Scout Tower
29:39 Workshop
29:40 Workshop
29:42 Workshop
29:47 Workshop
29:48 Workshop
30:36 Guard Tower
30:56 Arcane Tower
30:56 Arcane Tower
30:56 Arcane Tower
38:14 Scout Tower
38:18 Scout Tower
41:34 Cannon Tower
41:34 Cannon Tower
42:24 Altar of Kings
» items
| Scroll of Regeneration | 21 | |
| Boots of Speed | 2 | |
| Staff of Teleportation | 2 | |
| Ivory Tower | 2 | |
| Scroll of Town Portal | 11 | |
| Potion of Invisibility | 1 | |
| Lesser Clarity Potion | 5 | |
| Potion of Healing | 7 | |
| Potion of Mana | 4 | |
| Staff of Sanctuary | 1 | |
| Orb of Fire | 1 | |
| Mechanical Critter | 2 | |
59 total

»
Motivate (
red | 32 APM | 602 actions | 18:48)
5 Keeper of the Grove
2 Entangling Roots
1 Thorns Aura
2 Force of Nature
» actions
| Build / train | 43 | |
| Enter build submenu | 16 | |
| Enter hero's abilities submenu | 5 | |
| Remove unit from queue | 1 | |
| Right click | 277 | |
| Select / deselect | 221 | |
| Use ability | 39 | |
602 total
» units
| Wisp | 12 | |
| Huntress | 9 | |
| Dryad | 5 | |
| Druid of the Claw | 3 | |
29 total
» upgrades
| Abolish Magic | 1 | |
| Druid of the Claw Training | 2 | |
| Mark of the Claw | 1 | |
4 total
» buildings
| Altar of Elders | 1 | |
| Moon Well | 6 | |
| Ancient of War | 2 | |
| Hunter's Hall | 1 | |
| Ancient of Wonders | 1 | |
| Tree of Ages | 1 | |
| Ancient of Lore | 2 | |
| Tree of Eternity | 1 | |
| Tree of Life | 2 | |
17 total
» build order
00:18 Altar of Elders
00:33 Moon Well
00:47 Ancient of War
01:36 Moon Well
02:10 Hunter's Hall
02:32 Ancient of War
02:56 Ancient of Wonders
03:21 Moon Well
04:35 Tree of Ages
05:35 Moon Well
06:56 Ancient of Lore
06:57 Ancient of Lore
07:46 Tree of Eternity
07:52 Moon Well
10:37 Moon Well
14:13 Tree of Life
15:33 Tree of Life
» items
team 2 (loser)
jw0ou23 (
teal | 45 APM | 1632 actions | 36:07)
6 Archmage
2 Summon Water Elemental
3 Blizzard
1 Mass Teleport
» actions
| Assign group hotkey | 56 | |
| Basic commands | 27 | |
| Build / train | 66 | |
| ESC pressed | 1 | |
| Enter build submenu | 23 | |
| Enter hero's abilities submenu | 6 | |
| Give item / drop item | 1 | |
| Right click | 825 | |
| Select / deselect | 261 | |
| Select group hotkey | 305 | |
| Use ability | 61 | |
1632 total
» units
| Peasant | 24 | |
| Footman | 6 | |
| Mortar Team | 7 | |
| Dragonhawk Rider | 3 | |
40 total
» upgrades
| Gunpowder | 2 | |
| Lumber Harvesting | 1 | |
| Armor | 1 | |
4 total
» buildings
| Altar of Kings | 1 | |
| Barracks | 1 | |
| Farm | 9 | |
| Lumber Mill | 1 | |
| Scout Tower | 5 | |
| Guard Tower | 3 | |
| Arcane Vault | 1 | |
| Keep | 1 | |
| Blacksmith | 1 | |
| Workshop | 3 | |
| Castle | 1 | |
| Gryphon Aviary | 1 | |
| Arcane Tower | 2 | |
30 total
» build order
00:11 Altar of Kings
00:14 Barracks
00:16 Farm
00:56 Lumber Mill
01:20 Farm
02:02 Scout Tower
02:33 Scout Tower
02:35 Guard Tower
03:01 Farm
03:02 Guard Tower
03:33 Arcane Vault
03:45 Scout Tower
04:06 Keep
04:22 Guard Tower
04:24 Farm
04:49 Blacksmith
05:06 Farm
06:31 Workshop
06:36 Workshop
06:40 Workshop
06:50 Farm
07:31 Farm
08:30 Farm
09:54 Castle
14:56 Gryphon Aviary
17:29 Farm
21:26 Scout Tower
22:01 Arcane Tower
22:20 Scout Tower
22:52 Arcane Tower
» items
| Scroll of Regeneration | 6 | |
| Scroll of Town Portal | 1 | |
| Healing Salve | 1 | |
8 total

»
Switched (
orange | 35 APM | 1277 actions | 36:01)
3 Far Seer
2 Feral Spirit
1 Chain Lighting
3 Blademaster
1 Critical Strike
2 Wind Walk
» actions
| Assign group hotkey | 19 | |
| Build / train | 61 | |
| Enter build submenu | 33 | |
| Enter hero's abilities submenu | 7 | |
| Give item / drop item | 1 | |
| Right click | 661 | |
| Select / deselect | 317 | |
| Select group hotkey | 87 | |
| Use ability | 91 | |
1277 total
» units
» upgrades
» buildings
| Orc Burrow | 11 | |
| War Mill | 2 | |
| Stronghold | 1 | |
| Altar of Storms | 3 | |
| Beastiary | 2 | |
| Fortress | 1 | |
| Spirit Lodge | 1 | |
| Voodoo Lounge | 2 | |
| Great Hall | 2 | |
| Watch Tower | 5 | |
30 total
» build order
00:42 Orc Burrow
01:39 Orc Burrow
02:17 War Mill
02:19 Stronghold
02:27 Altar of Storms
02:34 Orc Burrow
03:08 Orc Burrow
03:48 Orc Burrow
04:50 Beastiary
04:59 Beastiary
05:14 Fortress
06:07 Spirit Lodge
08:30 Voodoo Lounge
12:32 Altar of Storms
12:35 Orc Burrow
12:37 Orc Burrow
12:42 Orc Burrow
12:53 Orc Burrow
15:24 Great Hall
18:01 Altar of Storms
18:16 Orc Burrow
19:26 Orc Burrow
20:03 Voodoo Lounge
21:06 War Mill
27:49 Great Hall
29:28 Watch Tower
29:30 Watch Tower
29:36 Watch Tower
29:48 Watch Tower
29:52 Watch Tower
» items
| Healing Salve | 4 | |
| Boots of Speed | 1 | |
| Circlet of Nobility | 1 | |
| Lesser Clarity Potion | 2 | |
| Orb of Lightning | 1 | |
| Potion of Mana | 1 | |
| Tiny Great Hall | 1 | |
| Potion of Healing | 1 | |
12 total
rulinrul (
purple | 24 APM | 1095 actions | 45:38)
3 Demon Hunter
2 Evasion
1 Mana Burn
» actions
| Assign group hotkey | 7 | |
| Basic commands | 3 | |
| Build / train | 37 | |
| Enter build submenu | 33 | |
| Enter hero's abilities submenu | 3 | |
| Remove unit from queue | 6 | |
| Right click | 530 | |
| Select / deselect | 269 | |
| Select group hotkey | 166 | |
| Use ability | 40 | |
1095 total
» units
» upgrades
| Strength of the Wild | 1 | |
| Reinforced Hides | 1 | |
| Corrosive Breath | 1 | |
3 total
» buildings
| Altar of Elders | 1 | |
| Moon Well | 14 | |
| Hunter's Hall | 1 | |
| Tree of Ages | 1 | |
| Ancient Protector | 5 | |
| Ancient of Wind | 1 | |
| Tree of Eternity | 1 | |
| Chimaera Roost | 5 | |
| Tree of Life | 2 | |
31 total
» build order
00:17 Altar of Elders
00:22 Moon Well
01:22 Hunter's Hall
02:14 Tree of Ages
02:20 Moon Well
03:09 Moon Well
03:31 Ancient Protector
04:42 Ancient of Wind
05:20 Tree of Eternity
05:47 Moon Well
07:47 Chimaera Roost
07:48 Chimaera Roost
07:50 Chimaera Roost
07:59 Ancient Protector
11:30 Moon Well
11:56 Ancient Protector
12:08 Moon Well
13:22 Ancient Protector
13:32 Moon Well
13:40 Ancient Protector
15:47 Chimaera Roost
16:06 Chimaera Roost
17:29 Moon Well
19:55 Moon Well
21:44 Moon Well
21:50 Moon Well
24:17 Moon Well
24:52 Moon Well
26:25 Moon Well
35:28 Tree of Life
36:22 Tree of Life
RODS-lil-bro (
green | 68 APM | 3125 actions | 45:38)
7 Blademaster
3 Wind Walk
3 Critical Strike
1 Bladestorm
1 Shadow Hunter
1 Hex
1 Pandaren Brewmaster
1 Breath of Fire
» actions
| Assign group hotkey | 185 | |
| Basic commands | 123 | |
| Build / train | 69 | |
| Enter build submenu | 27 | |
| Enter hero's abilities submenu | 9 | |
| Give item / drop item | 5 | |
| Right click | 1224 | |
| Select / deselect | 255 | |
| Select group hotkey | 1067 | |
| Use ability | 161 | |
3125 total
» units
| Peon | 14 | |
| Troll Batrider | 9 | |
| Wind Rider | 5 | |
28 total
» upgrades
| Ranged Weapons | 3 | |
| Reinforced Defenses | 1 | |
| Liquid Fire | 1 | |
| Envenomed Spears | 1 | |
| Armor | 1 | |
7 total
» buildings
| Altar of Storms | 1 | |
| Orc Burrow | 5 | |
| War Mill | 2 | |
| Voodoo Lounge | 2 | |
| Watch Tower | 30 | |
| Stronghold | 1 | |
| Beastiary | 2 | |
| Fortress | 1 | |
44 total
» build order
00:09 Altar of Storms
00:19 Orc Burrow
00:37 War Mill
01:30 Orc Burrow
01:43 Voodoo Lounge
02:10 Watch Tower
02:35 Watch Tower
03:15 Stronghold
03:29 Orc Burrow
03:58 Watch Tower
04:03 Watch Tower
04:18 Watch Tower
04:39 Orc Burrow
05:40 Beastiary
05:57 Beastiary
06:51 Fortress
07:28 Watch Tower
10:15 Watch Tower
10:15 Watch Tower
11:03 War Mill
12:37 Watch Tower
12:37 Watch Tower
12:38 Watch Tower
14:19 Watch Tower
14:19 Watch Tower
14:19 Watch Tower
14:52 Watch Tower
14:52 Watch Tower
16:46 Watch Tower
16:47 Watch Tower
25:30 Orc Burrow
28:26 Watch Tower
28:27 Watch Tower
28:27 Watch Tower
28:28 Watch Tower
28:28 Watch Tower
28:28 Watch Tower
28:29 Watch Tower
28:30 Watch Tower
28:30 Watch Tower
29:22 Voodoo Lounge
» items
| Healing Salve | 3 | |
| Staff of Teleportation | 3 | |
| Boots of Speed | 1 | |
| Lesser Clarity Potion | 5 | |
| Potion of Invisibility | 2 | |
| Potion of Lesser Invulnerability | 4 | |
| Orb of Lightning | 1 | |
| Tiny Great Hall | 1 | |
20 total
Chat log
(00:08 / Allies) rulinrul: chims
(00:32 / All) HeroAbuseAndUse: I haven't played this map in a while
(00:38 / All) HeroAbuseAndUse: far better than fullscale shit
(00:47 / Allies) rulinrul: who has aa?
(00:49 / All) RODS-lil-bro: ive grown fond to it the last couple weeks
(01:50 / All) RODS-lil-bro: anyboyd get new sc2 expans?
(01:59 / All) Switched: Yeah, no..
(02:22 / All) Mid9Prince: NO FUN WITHOUT HEROS
(02:30 / Allies) rulinrul: ^^^^
(02:30 / All) RODS-lil-bro: agred
(02:33 / All) rulinrul: ^^^^
(02:34 / All) Motivate: word
(03:07 / All) RODS-lil-bro: it felt strange to play sc2 with no heros, i felt like i wasn't doing something right by not creeping
(05:29 / Allies) RODS-lil-bro: wood?
(06:52 / Allies) RODS-lil-bro: wood
(09:45 / All) HeroAbuseAndUse: took your claws, bitch
(10:17 / Allies) RODS-lil-bro: wood
(15:06 / Allies) jw0ou23: wait
(20:28 / All) RODS-lil-bro: i didnt even know pink got his base destroyed
(22:19 / Allies) RODS-lil-bro: purple
(22:20 / Allies) RODS-lil-bro: oj
(22:22 / Allies) RODS-lil-bro: hlep get an expo
(22:47 / All) RODS-lil-bro: lol
(22:55 / All) RODS-lil-bro: that was awful
(23:45 / All) HeroAbuseAndUse: What the fuck was that? Chim harass to kill an aviary?
(24:00 / Allies) RODS-lil-bro: oj give me ur gold
(24:15 / Allies) Switched: get units
(24:29 / Allies) RODS-lil-bro: purple gold Plz? im gonn ago wyerns sh
(25:44 / Allies) RODS-lil-bro: dk
(26:25 / Allies) Switched: wanna kill blues hero?
(27:11 / All) Mid9Prince: gg
(27:15 / All) RODS-lil-bro: lol
(27:23 / All) HeroAbuseAndUse: Wow he had no drive whatsoever
(27:24 / All) HeroAbuseAndUse: Just gave up
(27:26 / All) HeroAbuseAndUse: What a pussy
(28:16 / Allies) RODS-lil-bro: protect my expo
(28:20 / All) HeroAbuseAndUse: dumbass
(28:58 / All) RODS-lil-bro: i have no idea
(29:02 / All) RODS-lil-bro: what purp is doing with those hcims
(29:11 / All) HeroAbuseAndUse: He killed 1 aviary and ran away
(30:09 / Allies) Switched: ...
(30:10 / Allies) Switched: damn
(30:16 / Allies) jw0ou23: kill blue hero
(30:36 / Allies) jw0ou23: wow purp
(31:19 / Allies) jw0ou23: 2bm didnt kill blue hero
(32:17 / All) RODS-lil-bro: nigga
(32:21 / Allies) jw0ou23: kill blue
(32:23 / Allies) Switched: kill him
(32:26 / All) HeroAbuseAndUse: This game took care of itself
(32:29 / All) RODS-lil-bro: yea
(32:30 / All) RODS-lil-bro: lawl
(32:34 / All) RODS-lil-bro: pink thought it was a normal gmame
(32:40 / Allies) jw0ou23: wow green
(32:54 / Allies) jw0ou23: green u fuck suck
(33:00 / All) RODS-lil-bro: "green u fuck suck" teal
(33:10 / All) HeroAbuseAndUse: kill with towers
(33:23 / Allies) jw0ou23: see fucker
(33:34 / Allies) jw0ou23: asshole
(35:52 / All) RODS-lil-bro: LOL
(35:54 / All) HeroAbuseAndUse: nice
(36:04 / All) HeroAbuseAndUse: LOL
(36:10 / All) HeroAbuseAndUse: Flame strike is a professional spell
(36:14 / All) HeroAbuseAndUse: A spell for professionals
(36:29 / All) RODS-lil-bro: that was cool
(36:40 / All) RODS-lil-bro: standoff or no?
(36:50 / All) RODS-lil-bro: i dont think purple would stay
(36:51 / All) HeroAbuseAndUse: CL remaining
(36:55 / All) HeroAbuseAndUse: and not enough people
(39:20 / All) RODS-lil-bro: might as well
(39:56 / All) RODS-lil-bro: this felt like too much a normal gmae
(40:00 / All) RODS-lil-bro: which is good for a change
(40:04 / All) HeroAbuseAndUse: They did all the work, it was kind of entertaining
(40:07 / All) HeroAbuseAndUse: They were our pawns
(40:18 / Allies) rulinrul: <3
(40:29 / All) RODS-lil-bro: hes doing the same to his team purple
(40:31 / All) RODS-lil-bro: its fair game
(41:00 / All) RODS-lil-bro: purple is helping me out lolz
(41:09 / All) HeroAbuseAndUse: lol
(41:17 / All) HeroAbuseAndUse: He is a robot
(41:59 / Allies) rulinrul: not my hero!D:
(42:12 / All) RODS-lil-bro: im killng my heros too
(42:13 / All) RODS-lil-bro: SEE
(42:22 / Allies) rulinrul: i liked my hero xD
(42:51 / All) HeroAbuseAndUse: Oh
(43:00 / All) RODS-lil-bro: yes
(43:15 / All) HeroAbuseAndUse: Good work
(43:19 / All) RODS-lil-bro: gg
(43:23 / All) RODS-lil-bro: "wait
(43:29 / All) HeroAbuseAndUse: LET IT BEGIN, LET IT BEGIN!
(44:20 / All) RODS-lil-bro: he is too dumb anyway
(44:21 / All) RODS-lil-bro: lol
(44:25 / All) RODS-lil-bro: actually
(44:28 / All) RODS-lil-bro: he would be force dto make
(44:29 / All) RODS-lil-bro: a
(44:30 / All) RODS-lil-bro: tree
(44:38 / All) HeroAbuseAndUse: You should give him 100 gold
(44:42 / All) HeroAbuseAndUse: See if he makes chims to 100 food
(44:45 / All) HeroAbuseAndUse: and kills every tower
(44:47 / All) HeroAbuseAndUse: He would have to work for it
(44:53 / All) HeroAbuseAndUse: But he's a dumbass who killed 1 aviary in harassment
(44:58 / All) HeroAbuseAndUse: so he'd probably attack move and lose them all
(44:59 / All) RODS-lil-bro: he'd hav eto work harder trying to kill ur towers with a tree
(45:01 / All) HeroAbuseAndUse: and have to do it 10 times
(45:28 / All) HeroAbuseAndUse: Let's leave?
(45:33 / All) RODS-lil-bro: "yes hes too dumb
(45:36 / All) RODS-lil-bro: nayways lolaz